 Dungeon Crawl Stone Soup version 0.27-a0-1384-g1422d76b99 (webtiles) character file.

Game seed: 1153213725697698994

32 epicjoe the Skirmisher (level 3, 0/27 (33) HPs)
             Began as a Minotaur Fighter on June 30, 2021.
             Slain by a gnoll (1 damage)
             ... on level 2 of the Dungeon.
             The game lasted 00:04:37 (1144 turns).

epicjoe the Skirmisher (Minotaur Fighter)           Turns: 1144, Time: 00:04:38

HP:   0/27 (33)     AC:  7    Str: 21    XL:     3   Next: 10%
MP:   2/2           EV:  7    Int:  5    God:
Gold: 41            SH:  9    Dex:  9    Spells: 2/2 levels left

rFire    . . .     SeeInvis .   a - +0 war axe
rCold    . . .     Faith    .   c - +0 kite shield
rNeg     . . .     Spirit   .   b - +0 scale mail
rPois    .         Reflect  .   (helmet restricted)
rElec    .         Harm     .   (no cloak)
rCorr    .         Rampage  .   (no gloves)
Will     .....                  (no boots)
Stlth    ..........             (no amulet)
HPRegen  0.09/turn              (no ring)
MPRegen  0.08/turn              (no ring)

@: heavily drained
A: horns 2, retaliatory headbutt
a: no special abilities


You were on level 2 of the Dungeon.
You visited 1 branch of the dungeon, and saw 2 of its levels.

You collected 41 gold pieces.

Inventory:

Hand Weapons
 a - a +0 war axe (weapon)
Missiles
 f - 25 poisoned darts (quivered)
Armour
 b - a +0 scale mail (worn)
 c - a +0 kite shield (worn)
Scrolls
 h - a scroll of noise {unknown}
 j - 2 scrolls of identify {unknown}
Potions
 d - 2 potions of might
 e - 2 potions of magic {unknown}
 g - 3 potions of curing {unknown}
 i - a potion of flight {unknown}
 k - a potion of heal wounds {unknown}


   Skills:
 + Level 4.1 Fighting
 + Level 3.1 Axes
 + Level 3.9 Armour
 + Level 4.0 Shields


You had 2 spell levels left.
You didn't know any spells.
Your spell library was empty.

Dungeon Overview and Level Annotations

Branches:
Dungeon (2/15)

Altars:


Innate Abilities, Weirdness & Mutations

You have a pair of horns on your head.
You reflexively headbutt those who attack you in melee.


Message History

You kill the giant cockroach!
You see here a +0 club.
Found a stone staircase leading down.
An endoplasm comes into view.
The endoplasm quivers.
Found a stone staircase leading down.
A gnoll comes into view. It is wielding a +2 flail of draining.
The endoplasm closely misses you.
You hit the endoplasm.
The endoplasm is heavily wounded.
The endoplasm freezes you.
You are frozen.
The endoplasm freezes you.
You are frozen.
You slash the endoplasm!
You kill the endoplasm!
You barely miss the gnoll.
The gnoll hits you with a +2 flail of draining.
You feel drained. The gnoll closely misses you.
You hit the gnoll.
The gnoll is moderately wounded.
The gnoll hits you with a +2 flail of draining.
You feel drained.
You closely miss the gnoll.
The gnoll is moderately wounded.
The gnoll hits you with a +2 flail of draining.
You feel drained. You block the gnoll's attack.
You barely miss the gnoll.
The gnoll is moderately wounded.
The gnoll hits you with a +2 flail of draining.
You feel drained.
You hit the gnoll.
The gnoll is severely wounded.
The gnoll hits you with a +2 flail of draining.
You feel drained.
* * * LOW HITPOINT WARNING * * *
The gnoll hits you with a +2 flail of draining!
* * * LOW HITPOINT WARNING * * *
You feel drained.
You die...

#...........#...
##.................
#..............##....
#..............# #.#.
#..............# .#
#..............### .
#.................
##.............##.
##.......@g......
########........
#.>...>.. #........
##....... #...##.
####


You could see a gnoll.

Vanquished Creatures
  A dart slug (D:1)
  3 bats
  2 endoplasms
  3 giant cockroaches
  2 goblins (D:2)
  3 hobgoblins (D:1)
  2 jackals (D:1)
  2 quokkas (D:1)
  4 ball pythons (D:1)
  A frilled lizard (D:1)
  2 kobolds (D:1)
  A rat (D:2)
26 creatures vanquished.

Notes
Turn   | Place    | Note
-------+----------+-------------------------------------------
     0 | D:1      | epicjoe the Minotaur Fighter began the quest for the Orb.
     0 | D:1      | Reached XP level 1. HP: 19/19 MP: 0/0
   285 | D:1      | Reached XP level 2. HP: 25/27 MP: 1/1
  1096 | D:2      | Reached XP level 3. HP: 32/33 MP: 2/2
  1144 | D:2      | HP: 1/28 [gnoll (7)]
  1144 | D:2      | Slain by a gnoll

Illustrated notes

Levels and vault maps discovered:
D:1:      minmay_arrival_cross, layout_basic
D:2:      layout_rooms, chequers_decorated_corner

Skill      XL: |  1  2 |
---------------+-------+-----
Shields        | 4 |  4.0
Fighting       | 4 |  4.1
Axes           | 3 |  3.1
Armour         | |  3.9

Action                   || total
-------------------------++-------
Melee: War axe           ||    49
       Headbutt          ||     4
Armor: Scale mail        ||    21
Dodge: Dodged            ||    11
Block: Kite shield       ||    31

Table legend: (Time is in decaauts)
 A = Elapsed time spent in this place.
 B = Non-inter-level travel time spent in this place.
 C = Inter-level travel time spent in this place.
 D = Time resting spent in this place.
 E = Time spent auto-exploring this place.
 F = Levels seen in this place.
 G = Mean time per level.
                   A        B        C        D        E       F      G
               +--------+--------+--------+--------+--------+-----+--------+
         Total |   1171 |    676 |    495 |    102 |     15 |   2 |  585.5 |
       Dungeon |   1171 |    676 |    495 |    102 |     15 |   2 |  585.5 |
               +--------+--------+--------+--------+--------+-----+--------+

Top non-repeatable levels by time:
     D:1: 1086 daAuts
     D:2: 85 daAuts
